 Dungeon Crawl Stone Soup version 0.20-a0-1122-gb7cbeb9 (webtiles) character file.

46 anfisbena the Skirmisher (level 3, 0/20 HPs)
             Began as a Vine Stalker Fighter on May 14, 2017.
             Succumbed to an adder's poison
             ... on level 2 of the Dungeon.
             The game lasted 00:00:52 (1157 turns).

anfisbena the Skirmisher (Vine Stalker Fighter)     Turns: 1157, Time: 00:00:53

Health: 0/20       AC:  6    Str: 23    XL:     3   Next: 66%
Magic:  0/4        EV:  9    Int:  8    God:
Gold:   53         SH:  9    Dex: 14    Spells: 2/2 levels left

rFire    . . .     SeeInvis .   a - +0 long sword
rCold    . . .     Gourm    .   c - +0 shield
rNeg     . . .     Faith    .   b - +0 scale mail
rPois    .         Spirit   +   (helmet restricted)
rElec    .         Reflect  .   (no cloak)
rCorr    .         Harm     .   (no gloves)
MR       .....                  (no boots)
Stlth    ..........             (no amulet)
Regen    0.1/turn               (no ring)
MPRegen  0.1/turn               (no ring)

@: mighty, lethally poisoned (0 -> -8)
A: fangs 2, horns 1, repulsion field 1, wild magic 1, magic shield, antimagic
bite, no potion heal 3, rot immunity
a: no special abilities


You were on level 2 of the Dungeon.
You were not hungry.

You visited 1 branch of the dungeon, and saw 2 of its levels.

You collected 53 gold pieces.

Inventory:

Hand Weapons
 a - a +0 long sword (weapon)
Armour
 b - a +0 scale mail (worn)
 c - a +0 shield (worn)
Scrolls
 h - a scroll of amnesia
 i - a scroll of immolation {unknown}
 j - a scroll of remove curse {unknown}
 k - a scroll of identify
 l - a scroll of recharging {unknown}
Comestibles
 f - a bread ration
 g - 11 chunks of flesh


   Skills:
 + Level 3.5 Fighting
 + Level 2.6 Long Blades
 - Level 2.4 Armour
 - Level 2.6 Shields


You had 2 spell levels left.
You didn't know any spells.

Dungeon Overview and Level Annotations

Branches:
Dungeon (2/15)

Altars:


Innate Abilities, Weirdness & Mutations

You have extremely sharp teeth.
When hurt, damage is shared between your health and your magic reserves.
Your bite disrupts and absorbs the magic of your enemies.
Potions cannot restore your health.
You are immune to rotting.
You have a pair of small horns on your head.
You are surrounded by a mild repulsion field. (EV +2)
Your spells are a little harder to cast, but a little more powerful.


Message History

The adder bites you.
* * * LOW HITPOINT WARNING * * *
You miss the adder.
The adder bites you but does no damage. x2
Your shield and scale mail prevent you from hitting the adder.
* * * LOW HITPOINT WARNING * * *
You feel sick. You block the adder's attack. The adder closely misses you.
You completely miss the adder. Your bite misses the adder. The adder bites you.
* * * LOW HITPOINT WARNING * * *
You barely miss the adder. Your headbutt misses the adder.
The adder closely misses you. The adder bites you.
You are more poisoned.
The adder poisons you!
Your shield and scale mail prevent you from hitting the adder.
Your headbutt misses the adder. You bite the adder. You drain its power.
You feel invigorated.
The adder is moderately wounded.
* * * LOW HITPOINT WARNING * * *
You feel sick. The adder bites you. The adder misses you.
You feel very mighty all of a sudden.
You die...

# ######### .
.##......#
#.##.......#
#.##.......#
#.#.#......[# ###.#
#........# #.@##
##......)#
#S#.###..#.###.#
#.##.#.#..(.(..# #.
##.####(##### #.
######.###### #.
##........#
#.#####.#..#.##.###
#......###.>....(..
#######.#.#.###.###


You could see an adder.

Vanquished Creatures
  2 adders (D:2)
  A worm (D:2)
  2 dart slugs (D:1)
  A giant cockroach (D:2)
  2 goblins (D:1)
  3 hobgoblins
  A quokka (D:2)
  2 bats
  5 kobolds
  5 rats (D:1)
24 creatures vanquished.

Notes
Turn   | Place    | Note
-------+----------+-------------------------------------------
     0 | D:1      | anfisbena the Vine Stalker Fighter began the quest for the Orb.
     0 | D:1      | Reached XP level 1. HP: 11/11 MP: 2/2
   397 | D:1      | Reached skill level 3 in Fighting
   418 | D:1      | Reached XP level 2. HP: 16/16 MP: 3/3
  1007 | D:2      | Reached XP level 3. HP: 17/20 MP: 2/4
  1151 | D:2      | Gained mutation: You are surrounded by a mild repulsion field. (EV +2) [potion of mutation]
  1151 | D:2      | Gained mutation: You have a pair of small horns on your head. [potion of mutation]
  1151 | D:2      | Gained mutation: Your spells are a little harder to cast, but a little more powerful. [potion of mutation]
  1156 | D:2      | HP: 1/20 [poisoned by an adder]
  1157 | D:2      | Succumbed to an adder's poison

Vault maps used:
D:1:      lightli_arrival_maybe_door_vault

Skill      XL: |  1 |
---------------+----+-----
Long Blades    | 2 |  2.6
Fighting       | 3 |  3.5
Armour         | |  2.4
Shields        | |  2.6

Action                   || total
-------------------------++-------
Melee: Long sword        ||    78
       Bite              ||    24
  Use: Scroll            ||     1
       Potion            ||     2
  Eat: Chunk             ||     1
Armor: Scale mail        ||    42
Dodge: Dodged            ||    26
Block: Shield            ||    50
       Rpst.: Long sword ||     8
